 Dungeon Crawl Stone Soup version 0.26-a0-188-ga22346179c (webtiles) character file.

Game seed: 1647509553637181077

19 Coward the Chiller (level 2, 0/19 HPs)
             Began as a Vampire Ice Elementalist on July 4, 2020.
             Slain by a hobgoblin
             ... wielding a +0 club
              (7 damage)
             ... on level 2 of the Dungeon.
             The game lasted 00:05:44 (514 turns).

Coward the Chiller (Vampire Ice Elementalist)        Turns: 514, Time: 00:05:45

Health: 0/19       AC:  2    Str:  7    XL:     2   Next: 55%
Magic:  0/5        EV: 13    Int: 17    God:
Gold:   0          SH:  0    Dex: 14    Spells: 4/5 levels left

rFire    + . .     SeeInvis +   (no weapon)
rCold    + . .     Faith    .   (no shield)
rNeg     . . .     Spirit   .   a - +0 robe
rPois    +         Reflect  .   (no helmet)
rElec    +         Harm     .   (no cloak)
rCorr    +                      (no gloves)
MR       .....                  (no boots)
Stlth    ++........             (no amulet)
HPRegen  0.26/turn              (no ring)
MPRegen  0.09/turn              (no ring)

@: resistant, regenerating quickly
A: no food, fangs 3, see invisible, unbreathing
a: Exsanguinate


You were on level 2 of the Dungeon.
You were alive.

You visited 1 branch of the dungeon, and saw 2 of its levels.

Inventory:

Armour
 a - a +0 robe (worn)


   Skills:
 + Level 2.4 Dodging
 + Level 3.2 Stealth
 + Level 2.0 Spellcasting
 + Level 4.5 Ice Magic


You had 4 spell levels left.
You knew the following spells:

 Your Spells              Type           Power        Failure   Level  Hunger
a - Freeze                Ice            ###.         3%          1    N/A

Your spell library contained the following spells:

 Spells                   Type           Power        Failure   Level  Hunger
 Frozen Ramparts          Ice            ###...       9%          3    N/A
 Ozocubu's Armour         Chrm/Ice       #.......     22%         3    N/A
 Hailstorm                Conj/Ice       #.......     58%         4    N/A
 Summon Ice Beast         Ice/Summ       #.......     58%         4    N/A

Dungeon Overview and Level Annotations

Branches:
Dungeon (2/15)

Altars:


Innate Abilities, Weirdness & Mutations

You do not eat.
Your natural rate of healing is unusually fast.
You have razor-sharp teeth.
You have supernaturally acute eyesight. (SInv)
You can survive without breathing.


Message History

You freeze the hobgoblin.
The hobgoblin is severely wounded.
The orc shouts!
The orc wizard shouts!
The hobgoblin hits you but does no damage.
The frilled lizard bites you but does no damage.
The ball python bites you. The ball python constricts you.
The jackal bites you. The goblin hits you but does no damage.
The frilled lizard bites you but does no damage.
You escape the ball python's grasp.
A bat comes into view.
The orc misses you.
The frilled lizard completely misses you.
The hobgoblin misses you.
The ball python bites you but does no damage.
The ball python closely misses you.
You hit the hobgoblin but do no damage.
The hobgoblin is severely wounded.
The jackal closely misses you. The orc hits you.
The frilled lizard barely misses you. The hobgoblin hits you with a +0 club!
You die...

......?..............
............#.....#.
...........#......
......#.......# #
#######...)......s.###..
..........###.......b..#
......!#........gl...#
....<..†.#.....Shl##..#
...........###.g@.#
................#o#
....#..†...##...#o#
###......).##..o#.#
..............#.#o#
####..$†...##.....#
#.......####. ..
#.......# #. .#
.........#


You could see an orc wizard, 3 orcs, a jackal, a giant cockroach, a hobgoblin, a
goblin, a bat, a ball python and 2 frilled lizards.

Vanquished Creatures
  4 goblins
  2 hobgoblins (D:1)
  3 jackals (D:2)
  3 kobolds
  3 bats (D:1)
  A frilled lizard (D:2)
  A rat (D:1)
17 creatures vanquished.

Notes
Turn   | Place    | Note
-------+----------+-------------------------------------------
     0 | D:1      | Coward the Vampire Ice Elementalist began the quest for the
                  | Orb.
     0 | D:1      | Reached XP level 1. HP: 13/13 MP: 3/3
   192 | D:1      | Reached XP level 2. HP: 14/19 MP: 3/5
   514 | D:2      | Slain by a hobgoblin

Illustrated notes

Levels and vault maps discovered:
D:1:      elethiomel_arrival_quiet, layout_loops_ring
D:2:      layout_rooms, first_ration, uniq_terence

Action                   || total
-------------------------++-------
Melee: Unarmed           ||    14
 Cast: Freeze            ||    20
  Use: Potion            ||     2
       Scroll            ||     1
Armor: Robe              ||    13
Dodge: Dodged            ||    34

Table legend:
 A = Non-vault XP
 B = Vault XP
 C = Vault XP percentage of total XP
 D = Non-vault monster count
 E = Vault monster count
 F = Vault count percentage of total count
                 A         B        C        D         E       F
            +---------+---------+-------+---------+---------+-------
      Total |      28 |       0 |   0.0 |      17 |       0 |   0.0
            +---------+---------+-------+---------+---------+-------
        D:1 |      17 |       0 |   0.0 |      11 |       0 |   0.0
        D:2 |      11 |       0 |   0.0 |       6 |       0 |   0.0
            +---------+---------+-------+---------+---------+-------
